 Dungeon Crawl Stone Soup version 0.20-a0-864-g92acfd1 (webtiles) character file.

95874 nubinia the Stormcaller (level 16, -3/94 HPs)
             Began as a Tengu Air Elementalist on Mar 11, 2017.
             Was the Champion of Dithmenos.
             Slain by a hornet (14 damage)
             ... created by a shambling mangrove
             ... on level 3 of the Swamp on Mar 12, 2017.
             The game lasted 02:53:23 (31705 turns).

nubinia the Stormcaller (Tengu Air Elementalist)   Turns: 31705, Time: 02:53:24

Health: -3/94      AC: 10    Str: 15    XL:     16   Next: 15%
Magic:  40/40      EV: 11    Int: 19    God:    Dithmenos [******]
Gold:   1640       SH:  6    Dex: 16    Spells: 29/46 levels left

rFire    + . .     SeeInvis +   J - +5 flail (protect)
rCold    + . .     Gourm    .   X - +2 robe {Archmagi}
rNeg     . . .     Faith    .   M - +1 buckler {rPois}
rPois    +         Spirit   .   (helmet restricted)
rElec    .         Reflect  .   T - +2 cloak
rCorr    .         Harm     .   j - +2 pair of gloves
MR       ++...                  (boots unavailable)
Stlth    ++++++....             E - amulet "Elof" {RegenMP rF++ MR+ Str+4}
Regen    0.3/turn               Q - ring of see invisible
MPRegen  0.4/turn               C - ring of ice

@: about to teleport, grasped by roots, wreathed by umbra, very slow
A: beak, talons 3, high mp 1, robust 1, able to fly 2
a: Fly, Shadow Step, Shadow Form, Renounce Religion


You were on level 3 of the Swamp.
You worshipped Dithmenos.
Dithmenos was exalted by your worship.
You were very hungry.

You visited 3 branches of the dungeon, and saw 21 of its levels.

You collected 1640 gold pieces.

Inventory:

Hand Weapons
 b - a +0 blowgun
 J - a +5 flail of protection (weapon)
Missiles
 s - 87 poisoned needles
 P - a curare-tipped needle
Armour
 e - a +1 buckler of reflection
 j - a +2 pair of gloves (worn)
 F - a +2 leather armour of poison resistance
 M - a +1 buckler of poison resistance (worn)
 T - a +2 cloak (worn)
 X - a +2 robe of the Archmagi (worn)
Jewellery
 r - an uncursed ring of protection from fire
 C - a ring of ice (left hand)
 E - the amulet "Elof" (around neck) {RegenMP rF++ MR+ Str+4}
   (You found it on level 6 of the Dungeon)

   [amulet of magic regeneration]

   It increases your magic regeneration.
   It affects your strength (+4).
   It greatly protects you from fire.
   It affects your resistance to hostile enchantments.
 Q - a ring of see invisible (right hand)
Wands
 k - a wand of iceblast (11/15)
 q - a wand of digging (10/24)
 y - a wand of acid (9/15)
 I - a wand of disintegration (12/24)
 K - a wand of scattershot (5/9)
 L - a wand of lightning (6/15)
 N - a wand of acid (5/15)
 O - a wand of lightning (4/15)
 Y - a wand of iceblast (0/15)
 Z - a wand of digging (5/24)
Scrolls
 a - 2 scrolls of magic mapping
 g - 10 scrolls of remove curse
 l - 3 scrolls of teleportation
 n - 3 scrolls of enchant armour
 p - a scroll of fog
 v - a scroll of fear
 G - 6 scrolls of identify
 W - a scroll of summoning
Potions
 d - 3 potions of magic
 f - 9 potions of curing
 i - a potion of brilliance
 o - 4 potions of heal wounds
 t - a potion of haste
 w - a potion of lignification
 x - 4 potions of agility
 z - 2 potions of cancellation
 A - 4 potions of resistance
 B - a potion of berserk rage
 D - 2 potions of might
Comestibles
 c - 12 bread rations
 h - 11 fruits
 m - 8 royal jellies
 u - 16 meat rations


   Skills:
 + Level 4.9 Fighting
   Level 3.2 Short Blades
   Level 1.0(5.2) Axes
 + Level 8.2(8.3) Maces & Flails
   Level 1.2(5.2) Staves
 + Level 0.2 Throwing
 + Level 1.6 Armour
 + Level 7.5 Dodging
 + Level 6.8 Stealth
 + Level 2.4 Shields
 + Level 15.7 Spellcasting
 + Level 8.6 Conjurations
 + Level 20.2 Air Magic
 + Level 0.1 Invocations
 + Level 0.4 Evocations


You had 29 spell levels left.
You knew the following spells:

 Your Spells              Type           Power        Failure   Level  Hunger
a - Shock                 Conj/Air       ####         0%          1    None
b - Airstrike             Air            #######...   0%          4    None
c - Static Discharge      Conj/Air       #######.     1%          3    None
d - Lightning Bolt        Conj/Air       #######...   1%          5    ###....
g - Shroud of Golubria    Chrm/Tloc      ###.......   10%         2    None
s - Swiftness             Chrm/Air       ######..     1%          2    None


Dungeon Overview and Level Annotations

Branches:
Dungeon (11/15)            Temple (0/1) D:5            Lair (6/6) D:10
  Swamp (4/4) Lair:4       Spider (0/4) Lair:4        Slime (0/5) Lair:5
    Orc: D:9-12

Altars:
Ashenzari
Dithmenos
Fedhas
Gozag
Nemelex Xobeh
Sif Muna
Trog
Wu Jian
Yredelemnul

Shops:
D:4 (   D:7 (   D:10 (

Annotations:
D:4 exclusion: oklob plant


Innate Abilities, Weirdness & Mutations

You have a beak for a mouth.
You have claws for feet.
You can fly continuously.
You have an increased reservoir of magic. (+10% MP)
You are robust. (+10% HP)


Message History

The hornet stings you but does no damage.
The shambling mangrove hits you.
Your shroud bends the hornet's attack away.
You climb upwards.
The grasping roots settle back into the ground.
You swoop lightly up into the air.
You feel yourself speed up.
There is a stone staircase leading down, spattered with blood here.
As you read the scroll of teleportation, it crumbles to dust.
You feel strangely unstable.
Roots rise up from beneath you and drag you back to the ground.
The hornet stings you but does no damage.
The shambling mangrove hits you!!
* * * LOW HITPOINT WARNING * * *
Your shroud falls apart!
Why would you want to do that? The hornet stings you!
* * * LOW HITPOINT WARNING * * *
The hornet stings you!
You die...

♣♣♣.≈≈.≈≈≈≈..####
♣♣♣...≈≈≈.>......[. ♣
♣♣...♣.♣≈.≈≈..♣♣♣♣.. ♣♣♣
♣♣..♣≈♣≈≈.≈≈..♣♣ ♣≈. ≈§♣♣♣
♣♣≈...≈≈...)≈.♣♣ ♣♣.
≈../♣♣♣♣♣♣♣♣.≈≈≈.♣≈≈≈..§♣♣
♣♣≈
≈≈≈...≈......≈≈≈..♣♣≈≈..♣
♣.≈
≈.≈.≈≈≈.≈≈≈.≈.≈≈≈y:..≈.♣♣
♣♣≈
≈.≈≈.....≈≈.≈≈..@f≈≈≈≈.♣
♣♣
≈≈..≈≈≈≈≈.≈≈≈.≈≈≈†≈≈...♣♣
.≈♣.≈≈§.≈.≈.≈≈≈≈≈≈≈≈.≈≈≈♣
.♣♣.≈≈≈♣♣♣..≈.≈≈≈...≈≈♣.♣
♣♣♣...♣♣
♣♣≈≈.≈≈≈≈♣♣.≈≈.♣♣♣ ♣♣.♣..♣
♣♣.....♣♣♣......♣♣♣ ♣
≈.≈...♣ ♣.≈≈.≈.♣
♣♣...≈≈..♣♣ ♣♣ ≈≈≈...♣♣
♣♣.≈..≈≈♣ ♣......≈[♣♣♣≈
≈......♣♣♣..≈≈≈.≈♣♣
♣♣.≈≈..≈≈≈♣.≈


You could see a shambling mangrove and a hornet.

Vanquished Creatures
  3 thorn hunters
  A fire dragon (Lair:6)
  A catoblepas (Lair:3)
  20 hydras
  3 alligators (Swamp:2)
  6 death yaks
  3 spriggan druids
  11 swamp dragons
  2 shambling mangroves
  An ugly thing (D:10)
  A wolf spider (Lair:6)
  4 oklob plants (Lair:5)
  2 centaur zombies (D:10)
  11 black mambas
  A guardian serpent (Lair:6)
  21 spiny frogs
  9 komodo dragons
  4 rime drakes (Lair:6)
  A queen bee (D:8)
  4 trolls
  8 tyrant leeches
  20 blink frogs
  12 hornets
  15 slime creatures
  3 polar bears
  9 hippogriffs
  5 bog bodies
  18 spriggans
  A redback (Lair:6)
  A shadow (Swamp:2)
  34 yaks
  7 basilisks (Lair:6)
  17 wyverns (Lair:6)
  Eustachio (D:4)
  27 vampire mosquitoes
  A steam dragon (Lair:6)
  8 insubstantial wisps (Swamp:4)
  2 acid dragons (Lair:6)
  16 swamp worms
  18 water moccasins
  A hell hound (Lair:5)
  5 orc warriors
  14 porcupines
  13 swamp drakes
  4 sky beasts
  5 ice beasts
  2 black bears
  2 phantoms
  10 wolves
  9 ogres
  2 centaurs
  5 crocodiles
  A big kobold (D:6)
  15 bullfrogs
  The ghost of sergedm the Charlatan, an amateur SpAr (D:4)
  A gnoll sergeant (D:10)
  A scorpion (D:8)
  64 killer bees
  11 wights
  3 jellies
  4 crimson imps
  2 bullfrog zombies
  2 quasits
  A centaur skeleton (D:4)
  2 orc priests
  5 hounds
  9 orc wizards
  4 worker ants
  7 iguanas
  A worker ant zombie (D:9)
  13 gnolls
  13 adders
  6 shadow imps
  An ooze (D:1)
  2 adder skeletons
  2 adder zombies
  A worm (D:2)
  2 dart slugs (D:2)
  11 leopard geckos
  36 orcs
  2 ball pythons
  5 giant cockroaches
  6 goblins
  6 hobgoblins
  2 jackals (D:6)
  9 kobolds
  4 quokkas
  3 bats
  3 frilled lizards
  A leopard gecko skeleton (D:9)
  12 rats
  A plant (Lair:6)
679 creatures vanquished.

Vanquished Creatures (collateral kills)
  A rime drake (Lair:6)
1 creature vanquished.

Vanquished Creatures (others)
  A spriggan (Swamp:4)
  A swamp drake (Swamp:4)
  A bush (Lair:6)
  48 fungi
  65 plants
116 creatures vanquished.

Grand Total: 796 creatures vanquished

Notes
Turn   | Place    | Note
-------+----------+-------------------------------------------
     0 | D:1      | nubinia the Tengu Air Elementalist began the quest for the Orb.
     0 | D:1      | Reached XP level 1. HP: 10/10 MP: 4/4
   187 | D:1      | Reached XP level 2. HP: 15/15 MP: 0/6
   576 | D:1      | Learned a level 2 spell: Swiftness
   716 | D:1      | Reached XP level 3. HP: 19/19 MP: 3/7
   754 | D:1      | Learned a level 3 spell: Static Discharge
  1438 | D:2      | Gained mutation: You have an increased reservoir of magic. (+10% MP) [potion of mutation]
  1438 | D:2      | Gained mutation: You are robust. (+10% HP) [potion of mutation]
  1512 | D:2      | Reached XP level 4. HP: 16/26 MP: 2/9
  1650 | D:2      | Reached skill level 5 in Air Magic
  1849 | D:2      | Reached skill level 1 in Axes
  2244 | D:3      | Found a faded altar of an unknown god.
  2259 | D:3      | Became a worshipper of Dithmenos the Shadowed
  2259 | D:3      | Reached * piety under Dithmenos
  2437 | D:3      | Gained mutation: You can fly. [Tengu growth]
  2437 | D:3      | Reached XP level 5. HP: 30/30 MP: 4/11
  3221 | D:3      | Found a bloodstained altar of Trog.
  3443 | D:4      | Noticed sergedm's ghost (amateur SpAr)
  3520 | D:3      | Learned a level 4 spell: Airstrike
  3560 | D:4      | Found a sparkling altar of Nemelex Xobeh.
  3626 | D:5      | Entered Level 5 of the Dungeon
  3633 | D:5      | Noticed a centaur
  3642 | D:5      | Killed a centaur
  3642 | D:5      | Reached skill level 1 in Fighting
  3642 | D:5      | Reached XP level 6. HP: 11/37 MP: 8/12
  4001 | D:5      | Reached skill level 6 in Air Magic
  4001 | D:5      | Reached XP level 7. HP: 25/41 MP: 0/14
  4078 | D:5      | Found a staircase to the Ecumenical Temple.
  4085 | D:5      | Reached skill level 1 in Short Blades
  4232 | D:4      | Reached ** piety under Dithmenos
  4380 | D:4      | Found Fasu's Weapon Shop.
  4404 | D:4      | Killed sergedm's ghost
  4442 | D:4      | Noticed Eustachio
  4460 | D:4      | Killed Eustachio
  4523 | D:4      | Found a blossoming altar of Fedhas.
  4648 | D:4      | Found a deep blue altar of Sif Muna.
  4684 | D:4      | Reached XP level 8. HP: 30/47 MP: 5/17
  4746 | D:4      | Noticed an oklob plant
  4854 | D:5      | Found a bloodstained altar of Trog.
  5165 | D:5      | Reached skill level 5 in Conjurations
  5511 | D:6      | Reached skill level 5 in Spellcasting
  5768 | D:6      | Got a brightly glowing iron amulet
  5769 | D:6      | Identified the amulet "Elof" {RegenMP rF++ MR+ Str+4} (You found it on level 6 of the Dungeon)
  5947 | D:6      | Reached skill level 7 in Air Magic
  5999 | D:6      | Found an opulent altar of Gozag.
  6080 | D:6      | Reached skill level 5 in Stealth
  6173 | D:7      | Found Qutoppoxt's Weapon Boutique.
  6616 | D:6      | Reached skill level 1 in Staves
  6616 | D:6      | Reached XP level 9. HP: 43/52 MP: 14/19
  6759 | D:7      | Found a shattered altar of Ashenzari.
  6894 | D:7      | Reached skill level 1 in Maces & Flails
  7212 | D:7      | Reached skill level 8 in Air Magic
  7539 | D:8      | Reached *** piety under Dithmenos
  7562 | D:8      | Reached skill level 9 in Air Magic
  7627 | D:8      | Found an ornate altar of the Wu Jian Council.
  7799 | D:8      | Noticed a queen bee
  7807 | D:8      | Killed a queen bee
  7817 | D:8      | Reached skill level 10 in Air Magic
  7929 | D:8      | Reached XP level 10. HP: 59/59 MP: 14/23
  8070 | D:8      | Found a basalt altar of Yredelemnul.
  8881 | D:9      | Reached skill level 11 in Air Magic
  8928 | D:9      | Reached skill level 5 in Dodging
  9629 | D:9      | Learned a level 5 spell: Lightning Bolt
 10135 | D:10     | Entered Level 10 of the Dungeon
 10142 | D:10     | Reached **** piety under Dithmenos
 10151 | D:10     | Reached XP level 11. HP: 48/64 MP: 11/26
 10279 | D:10     | Reached skill level 12 in Air Magic
 10489 | D:10     | Found a staircase to the Lair.
 10800 | D:10     | Found Rolit's Weapon Boutique.
 11085 | D:10     | Noticed a white ugly thing
 11093 | D:10     | Killed a white ugly thing
 11093 | D:10     | Reached skill level 5 in Maces & Flails
 11467 | D:10     | Reached ***** piety under Dithmenos
 11705 | Lair:1   | Entered Level 1 of the Lair of Beasts
 11952 | Lair:1   | Reached skill level 1 in Armour
 12142 | Lair:1   | Reached skill level 13 in Air Magic
 13036 | Lair:2   | Reached XP level 12. HP: 70/70 MP: 13/29
 13056 | Lair:2   | Reached skill level 10 in Spellcasting
 13877 | Lair:2   | Reached skill level 14 in Air Magic
 15896 | Lair:4   | Reached skill level 15 in Air Magic
 16175 | Lair:4   | Found a staircase to the Swamp.
 16181 | Lair:4   | Noticed a catoblepas
 16212 | Lair:3   | Killed a catoblepas
 16585 | Lair:4   | Reached XP level 13. HP: 72/77 MP: 11/32
 16749 | Lair:4   | Found a hole to the Spider Nest.
 16974 | Lair:4   | Reached skill level 1 in Shields
 17869 | Lair:4   | Upgraded the game from 0.20-a0-854-g0cc194a to 0.20-a0-864-g92acfd1
 19117 | Lair:5   | Found a staircase to the Slime Pits.
 19250 | Lair:5   | HP: 1/77 [acid (14)]
 20076 | Lair:5   | Reached skill level 16 in Air Magic
 20114 | Lair:6   | Entered Level 6 of the Lair of Beasts
 21426 | Lair:6   | Gained mutation: You can fly continuously. [Tengu growth]
 21426 | Lair:6   | Reached XP level 14. HP: 83/83 MP: 8/35
 21784 | Lair:6   | Reached skill level 17 in Air Magic
 23983 | Lair:6   | Reached skill level 18 in Air Magic
 24123 | Swamp:1  | Entered Level 1 of the Swamp
 24123 | Swamp:1  | Noticed a thorn hunter
 24129 | Swamp:1  | Killed a thorn hunter
 24236 | Swamp:1  | Reached ****** piety under Dithmenos
 24507 | Swamp:1  | Noticed a thorn hunter
 24589 | Swamp:1  | Killed a thorn hunter
 24589 | Swamp:1  | Reached XP level 15. HP: 42/88 MP: 3/37
 26672 | Swamp:2  | Noticed a thorn hunter
 26685 | Swamp:2  | Killed a thorn hunter
 27066 | Swamp:2  | Reached skill level 19 in Air Magic
 27126 | Swamp:2  | Found a basalt altar of Yredelemnul.
 27608 | Swamp:2  | Reached skill level 15 in Spellcasting
 29850 | Swamp:4  | Entered Level 4 of the Swamp
 30545 | Swamp:3  | Learned a level 2 spell: Shroud of Golubria
 30879 | Swamp:4  | Reached XP level 16. HP: 94/94 MP: 33/40
 30907 | Swamp:4  | Reached skill level 20 in Air Magic
 31705 | Swamp:3  | Slain by a hornet

Vault maps used:
D:1:      minmay_arrival_four_circles, hangedman_decor_push
D:2:      minmay_tetromino_s4
D:3:      lemuel_crystal_altar, chequers_ecumenical_altar_island, first_bread
D:4:      nemelex_xobeh_ov_fountains_minmay, lemuel_blue_sif_altar,
          serial_shops, nicolae_shop_behind_doors, tgw_fedhas, uniq_eustachio
D:5:      minmay_temple_entry_butterflies, trog_butcher_becter
D:6:      lemuel_coloured_pillars_altar
D:7:      kennysheep_mini, serial_shops, shop
D:8:      lemuel_crystal_altar, nicolae_overflow_crystal_walls, david_nohive_1
D:10:     grunt_lair_entry_orc_guard_hut, serial_shops, nicolae_shop_trees,
          small_chamber_with_monster
D:11:     orc_0_dummy, dk_vineyard_1, small_statue_alley_a, uniq_grum
Lair:2:   wad_woods_minihive, grunt_megastairs_1
Lair:4:   beast_lair_carwin_large_1, minmay_swamp_entry_swarm,
          spider_nest_entry_web_field
Lair:5:   minmay_slime_entry_oklob_open
Lair:6:   hangedman_lair_tendril_chambers, guppyfry_lair_end_dragon,
          special_room
Swamp:1:  hangedman_swamp_pad
Swamp:2:  nicolae_swamp_godswood
Swamp:3:  evilmike_swamp_ruin_house_2
Swamp:4:  swamp

Skill      XL: |  1  2  3  4  5  6  7  8  9 10 11 12 13 14 15 16 |
---------------+-------------------------------------------------+-----
Conjurations   | 2 3 4 5 6 7 8 |  8.6
Air Magic      | 5 6 7 10 11 13 15 16 18 19 20 | 20.2
Axes           | 1 |  1.0
Stealth        | 3 4 5 6 |  6.8
Spellcasting   | 3 4 5 7 8 9 11 13 14 15 | 15.7
Fighting       | 1 2 3 4 |  4.9
Short Blades   | 2 3 |  3.2
Dodging        | 3 4 5 6 7 |  7.5
Staves         | 1 |  1.2
Maces & Flails | 1 4 5 6 7 8 |  8.2
Armour         | 1 |  1.6
Shields        | 1 2 |  2.4
Throwing       | |  0.2
Invocations    | |  0.1
Evocations     | |  0.4

Action                   |  1- 3 |  4- 6 |  7- 9 | 10-12 | 13-15 | 16-18 || total
-------------------------+-------+-------+-------+-------+-------+-------++-------
Melee: Hand axe          |    23 |     3 |       |       |       |       ||    26
       Kick              |     5 |     8 |    23 |    89 |   120 |     4 ||   249
       Peck              |     2 |     6 |    18 |    70 |    79 |     1 ||   176
       Dagger            |       |    31 |    30 |       |       |       ||    61
       Short sword       |       |     7 |    46 |       |       |       ||    53
       Staff             |       |       |    30 |       |       |       ||    30
       Flail             |       |       |    38 |   331 |   363 |     8 ||   740
 Fire: Blowgun           |       |     1 |     2 |       |       |       ||     3
 Cast: Shock             |    55 |    70 |    60 |   140 |   146 |     3 ||   474
       Static Discharge  |       |     4 |    15 |    29 |    30 |       ||    78
       Airstrike         |       |       |    46 |   258 |   550 |    42 ||   896
       Lightning Bolt    |       |       |       |     2 |    10 |       ||    12
       Shroud of Golubri |       |       |       |       |     2 |     2 ||     4
       Swiftness         |       |       |       |       |       |     1 ||     1
Invok: Shadow Step       |       |       |       |     2 |       |       ||     2
 Abil: Fly               |       |     7 |    18 |    46 |    29 |       ||   100
Evoke: Wand              |       |       |       |     1 |     9 |     3 ||    13
  Use: Scroll            |     3 |     4 |     8 |     7 |    22 |     1 ||    45
       Potion            |     1 |     1 |     2 |       |     2 |     1 ||     7
 Stab: Sleeping          |     1 |     3 |    12 |    14 |     5 |       ||    35
       Distracted        |     1 |       |       |       |     1 |       ||     2
       Petrified         |       |       |       |     5 |       |       ||     5
  Eat: Chunk             |     2 |     9 |    21 |    46 |    48 |       ||   126
       Royal jelly       |       |       |     1 |     2 |     4 |     1 ||     8
       Fruit             |       |       |       |     8 |     1 |       ||     9
Armor: Robe              |     1 |     5 |    33 |    58 |    73 |     6 ||   176
       Leather armour    |       |       |       |    38 |       |       ||    38
Dodge: Dodged            |    20 |    48 |   165 |   395 |   411 |    20 ||  1059
Block: Buckler           |       |       |       |    14 |   133 |     7 ||   154
